 Dungeon Crawl Stone Soup version 0.30-a0-802-gb92711bcdf (webtiles) character file.

Game seed: 16594565767421582203

361 juan097 the Sneak (level 6, -9/44 HPs)
             Began as a Gnoll Wanderer on Feb 25, 2023.
             Mangled by an ice beast (12 damage)
             ... on level 5 of the Dungeon.
             The game lasted 00:16:00 (4057 turns).

juan097 the Sneak (Gnoll Wanderer)                  Turns: 4057, Time: 00:16:01

Health: -9/44      AC:  6    Str: 13    XL:     6   Next: 66%
Magic:  11/11      EV: 11    Int: 10    God:
Gold:   351        SH:  4    Dex: 11    Spells: 11/12 levels left

rFire   . . .      SeeInvis .    a - +2 spear
rCold   . . .      Faith    .    b - +0 buckler
rNeg    . . .      Spirit   .    d - +0 leather armour
rPois   .          Reflect  .    (helmet restricted)
rElec   .          Harm     .    (no cloak)
rCorr   .          Rampage  +    (no gloves)
Will    .....                    i - +2 pair of boots {rampage}
Stlth   +++                      (no amulet)
HPRegen 0.27/turn                (no ring)
MPRegen 0.12/turn                (no ring)

@: attractive
A: fangs 1, strong nose, distributed training, horns 1, weak 1
a: no special abilities


You were on level 5 of the Dungeon.
You visited 1 branch of the dungeon, and saw 6 of its levels.

You collected 351 gold pieces.

Inventory:

Hand Weapons
 a - a +2 spear (weapon)
 f - a +1 flail of protection
 l - a +0 trident
Missiles
 j - 6 poisoned darts
Armour
 b - a +0 buckler (worn)
 d - a +0 leather armour (worn)
 i - a +2 pair of boots of rampaging (worn)
Scrolls
 g - 2 scrolls of enchant armour {unknown}
 k - 3 scrolls of torment
 n - a scroll of noise {unknown}
Potions
 h - a potion of mutation


   Skills:
 + Level 2.1 Fighting
 + Level 2.1 Short Blades
 + Level 2.1 Long Blades
 + Level 2.1 Axes
 + Level 2.1 Maces & Flails
 + Level 5.0 Polearms
 + Level 2.1 Staves
 + Level 2.1 Ranged Weapons
 + Level 2.1 Throwing
 + Level 2.1 Armour
 + Level 3.3 Dodging
 + Level 6.3 Stealth
 + Level 3.3 Shields
 + Level 2.1 Unarmed Combat
 + Level 3.5 Spellcasting
 + Level 2.7 Conjurations
 + Level 1.7 Hexes
 + Level 1.7 Summonings
 + Level 1.7 Necromancy
 + Level 1.7 Translocations
 + Level 1.7 Transmutations
 + Level 1.7 Fire Magic
 + Level 1.7 Ice Magic
 + Level 1.7 Air Magic
 + Level 1.7 Earth Magic
 + Level 1.7 Poison Magic
 + Level 2.3 Invocations
 + Level 3.3 Evocations


You had 11 spell levels left.
You knew the following spells:

 Your Spells              Type           Power      Damage    Failure   Level
a - Magic Dart            Conj           28%        1d4       14%         1

Your spell library contained the following spells:

 Spells                   Type           Power      Damage    Failure   Level
 Summon Small Mammal      Summ           20%        N/A       22%         1
 Call Imp                 Summ           5%         N/A       32%         2
 Stone Arrow              Conj/Erth      12%        3d7       47%         3
 Mephitic Cloud           Conj/Pois/Air  5%         N/A       50%         3
 Call Canine Familiar     Summ           5%         N/A       54%         3
 Summon Guardian Golem    Hex/Summ       5%         N/A       54%         3


Dungeon Overview and Level Annotations

Branches:
Dungeon (6/15)
 Temple: D:4-7

Altars:
Fedhas

Shops:
D:5 :

Annotations:
D:3 Ijyb
D:6 Eustachio


Innate Abilities, Weirdness & Mutations

You have very sharp teeth.
Your uncanny sense of smell can sniff out nearby items.
Your experience applies equally to all skills.
You have a pair of small horns on your head.
You are weak. (Str -2)


Message History

The ice beast is moderately wounded.
The gnoll hits you but does no damage.
The ice beast hits you but does no damage.
You hit the ice beast but do no damage. Your headbutt misses the ice beast.
The ice beast is moderately wounded.
The gnoll misses you.
The ice beast hits you but does no damage.
You hit the ice beast but do no damage.
The ice beast is moderately wounded.
The gnoll hits you with a +0 whip. The ice beast hits you.
The ice beast freezes you!
You closely miss the ice beast.
The ice beast is moderately wounded.
The gnoll hits you with a +0 whip. The ice beast completely misses you.
You closely miss the ice beast. Your headbutt misses the ice beast.
The ice beast is moderately wounded.
The gnoll hits you with a +0 whip.
It was a potion of ambrosia.
You are confused.
You feel invigorated. The ice beast hits you. The ice beast freezes you!
* * * LOW HITPOINT WARNING * * *
The gnoll barely misses you.
You're too confused to move!
The ice beast hits you but does no damage.
The gnoll hits you with a +0 whip.
* * * LOW HITPOINT WARNING * * *
You bump into the rock wall.
The ice beast hits you but does no damage.
The gnoll barely misses you.
You bump into the rock wall.
You feel less invigorated.
You feel less confused. The ice beast hits you. The ice beast freezes you!
* * * LOW HITPOINT WARNING * * *
You block the gnoll's attack.
You barely miss the ice beast.
The ice beast is moderately wounded.
The ice beast hits you.
* * * LOW HITPOINT WARNING * * *
The ice beast freezes you!
You die...

##....#....# ....
..###...#..
#....#....##.....
...##......
##..##...........
.........##
#.........###....
....!...###
#........>### ..
.......##..
##..........##
.......#...
##........).#
...........
#.......#Yg#
#.......###
#####..###@♣
#.......<.#
#....###
.##.......#
#...... ##.......
##.#...
.....#.... ## ###
..#..##### .###.#
##


You could see an ice beast and a gnoll.

Vanquished Creatures
  A hound (D:5)
  A jelly (D:5)
  A gnoll bouda (D:5)
  An iguana (D:4)
  Natasha (D:3)
  2 orc wizards (D:3)
  8 gnolls
  4 adders
  A worm (D:2)
  A dart slug (D:3)
  4 orcs
  11 endoplasms
  5 goblins
  3 hobgoblins
  3 jackals (D:3)
  A quokka (D:1)
  4 ball pythons
  3 bats
  2 frilled lizards
  7 kobolds
  7 rats
71 creatures vanquished.

Vanquished Creatures (others)
  An orc (D:5)
  A quokka (D:5)
  9 plants (D:4)
11 creatures vanquished.

Grand Total: 82 creatures vanquished

Notes
Turn   | Place    | Note
-------+----------+-------------------------------------------
     0 | D:1      | juan097 the Gnoll Wanderer began the quest for the Orb.
     0 | D:1      | juan097 set off with the following items: a +2 spear, a +0
                  | buckler, a scroll of teleportation, a +0 leather armour;
                  | and the following spell memorised: Magic Dart; and the
                  | following spells available to memorise: Stone Arrow.
     0 | D:1      | Reached XP level 1. HP: 13/13 MP: 4/4
   420 | D:2      | Reached XP level 2. HP: 19/19 MP: 0/5
   557 | D:2      | Reached XP level 3. HP: 25/25 MP: 0/7
   728 | D:2      | Reached skill level 6 in Stealth
   752 | D:2      | Reached skill level 1 in Invocations
  1135 | D:1      | Reached skill level 1 in Fighting
  1135 | D:1      | Reached skill level 1 in Short Blades
  1135 | D:1      | Reached skill level 1 in Long Blades
  1135 | D:1      | Reached skill level 1 in Axes
  1135 | D:1      | Reached skill level 1 in Maces & Flails
  1135 | D:1      | Reached skill level 1 in Staves
  1135 | D:1      | Reached skill level 1 in Ranged Weapons
  1135 | D:1      | Reached skill level 1 in Throwing
  1135 | D:1      | Reached skill level 1 in Armour
  1135 | D:1      | Reached skill level 1 in Unarmed Combat
  1396 | D:1      | Reached XP level 4. HP: 32/32 MP: 8/8
  2162 | D:3      | You fall into a shaft and drop 3 floors!
  2179 | D:6      | Noticed Eustachio
  2182 | D:5      | Entered Level 5 of the Dungeon
  2182 | D:5      | Noticed an ice beast
  2192 | D:5      | Found Umpivegi's Book Shoppe.
  2358 | D:5      | Reached skill level 1 in Hexes
  2358 | D:5      | Reached skill level 1 in Summonings
  2358 | D:5      | Reached skill level 1 in Necromancy
  2358 | D:5      | Reached skill level 1 in Translocations
  2358 | D:5      | Reached skill level 1 in Transmutations
  2358 | D:5      | Reached skill level 1 in Fire Magic
  2358 | D:5      | Reached skill level 1 in Ice Magic
  2358 | D:5      | Reached skill level 1 in Air Magic
  2358 | D:5      | Reached skill level 1 in Earth Magic
  2358 | D:5      | Reached skill level 1 in Poison Magic
  2408 | D:5      | Reached XP level 5. HP: 29/37 MP: 9/9
  2649 | D:3      | Noticed Ijyb
  3128 | D:3      | Noticed Natasha
  3138 | D:3      | Killed Natasha
  3139 | D:3      | Reached XP level 6. HP: 41/44 MP: 9/11
  3288 | D:3      | Found a blossoming altar of Fedhas.
  3615 | D:4      | Noticed a black bear
  3666 | D:4      | Reached skill level 5 in Polearms
  4040 | D:5      | Gained mutation: You are weak. (Str -2) [potion of
                  | mutation]
  4040 | D:5      | Gained mutation: You have a pair of small horns on your
                  | head. [potion of mutation]
  4057 | D:5      | Mangled by an ice beast

Illustrated notes

Levels and vault maps discovered:
D:1:      dpeg_arrival_prison, layout_basic
D:2:      layout_rooms
D:3:      layout_loops_ring, nicolae_overflow_hidden_temple, serial_aquarium,
          aquarium_bridge_straight [aquarium_subvault_bridge,
          aquarium_subvault_window, aquarium_subvault_bridge,
          aquarium_subvault_wall], aquarium_window_fake, aquarium_window_1,
          aquarium_window_fake, aquarium_view_2e, aquarium_view_2d,
          uniq_natasha, uniq_ijyb
D:4:      layout_loops_corners, serial_bayou_pond_a
D:5:      gammafunk_wand_slinger, layout_cave_pools, elyvilon_altar_4,
          serial_shops, shop_coins, nicolae_take_the_stairs, nicolae_shop_trees,
          minmay_ogre_servants
D:6:      layout_rooms, mainiacjoe_overflow_small_starburst,
          minmay_fountain_box, minivault_24, uniq_sigmund, uniq_eustachio,
          uniq_maggie

Skill      XL: |  1  2  3  4  5  6 |
---------------+-------------------+-----
Conjurations   | 2 |  2.7
Stealth        | 6 |  6.3
Invocations    | 1 2 |  2.3
Fighting       | 1 2 |  2.1
Short Blades   | 1 2 |  2.1
Long Blades    | 1 2 |  2.1
Axes           | 1 2 |  2.1
Maces & Flails | 1 2 |  2.1
Staves         | 1 2 |  2.1
Ranged Weapons | 1 2 |  2.1
Throwing       | 1 2 |  2.1
Armour         | 1 2 |  2.1
Unarmed Combat | 1 2 |  2.1
Spellcasting   | 3 |  3.5
Hexes          | 1 |  1.7
Summonings     | 1 |  1.7
Necromancy     | 1 |  1.7
Translocations | 1 |  1.7
Transmutations | 1 |  1.7
Fire Magic     | 1 |  1.7
Ice Magic      | 1 |  1.7
Air Magic      | 1 |  1.7
Earth Magic    | 1 |  1.7
Poison Magic   | 1 |  1.7
Dodging        | 3 |  3.3
Shields        | 3 |  3.3
Evocations     | 3 |  3.3
Polearms       | 5 |  5.0

Action                     |  1- 3 |  4- 6 || total
---------------------------+-------+-------++-------
  Melee: Spear             |    57 |   175 ||   232
         Bite              |     3 |    11 ||    14
   Cast: Magic Dart        |    46 |    53 ||    99
    Use: Scroll            |       |     7 ||     7
         Potion            |       |     5 ||     5
   Stab: Sleeping          |     3 |     5 ||     8
 Armour: Leather armour    |     3 |    34 ||    37
  Dodge: Dodged            |    12 |    67 ||    79
  Block: Buckler           |     7 |    25 ||    32

Table legend: (Time is in decaauts)
 A = Elapsed time spent in this place.
 B = Non-inter-level travel time spent in this place.
 C = Inter-level travel time spent in this place.
 D = Time resting spent in this place.
 E = Time spent auto-exploring this place.
 F = Levels seen in this place.
 G = Mean time per level.
                   A        B        C        D        E       F      G
               +--------+--------+--------+--------+--------+-----+--------+
         Total |   4033 |   3934 |     99 |    214 |   2830 |   6 |  672.2 |
       Dungeon |   4033 |   3934 |     99 |    214 |   2830 |   6 |  672.2 |
               +--------+--------+--------+--------+--------+-----+--------+

Top non-repeatable levels by time:
     D:3: 1114 daAuts
     D:1: 1114 daAuts
     D:2: 767 daAuts
     D:4: 719 daAuts
     D:5: 297 daAuts
     D:6: 19 daAuts
